 Dungeon Crawl Stone Soup version 0.30-a0-219-gf2db51d15e (webtiles) character file.

Game seed: 1519367877936991490

64 Nerdsrcool the Shooter (level 3, -1/31 HPs)
             Began as a Minotaur Hunter on Oct 6, 2022.
             Slain by a gnoll
             ... wielding a +0 flail
              (2 damage)
             ... on level 2 of the Dungeon.
             The game lasted 00:04:30 (834 turns).

Nerdsrcool the Shooter (Minotaur Hunter)             Turns: 834, Time: 00:04:33

Health: -1/31      AC:  6    Str: 15    XL:     3   Next: 91%
Magic:  2/2        EV: 10    Int:  6    God:
Gold:   91         SH:  0    Dex: 15    Spells: 2/2 levels left

rFire   . . .      SeeInvis .    a - +0 shortbow
rCold   . . .      Faith    .    (shield currently unavailable)
rNeg    . . .      Spirit   .    r - +0 scale mail
rPois   .          Reflect  .    (helmet restricted)
rElec   .          Harm     .    (no cloak)
rCorr   .          Rampage  .    (no gloves)
Will    .....                    (no boots)
Stlth   ..........               (no amulet)
HPRegen 0.25/turn                (no ring)
MPRegen 0.08/turn                (no ring)

@: no status effects
A: horns 2, retaliatory headbutt
a: no special abilities


You were on level 2 of the Dungeon.
You visited 1 branch of the dungeon, and saw 2 of its levels.

You collected 91 gold pieces.

Inventory:

Hand Weapons
 a - a +0 shortbow (weapon)
 g - a +0 short sword
Missiles
 p - 12 stones
Armour
 c - a +0 leather armour
 f - a +0 ring mail
 r - a +0 scale mail (worn)
Scrolls
 b - 2 scrolls of immolation
 e - 3 scrolls of noise {unknown}
 i - 2 scrolls of identify {unknown}
 l - 2 scrolls of poison {unknown}
 m - a scroll of amnesia {unknown}
 n - a scroll of torment {unknown}
 o - a scroll of brand weapon {unknown}
 q - a scroll of magic mapping {unknown}
 t - a scroll of enchant armour {unknown}
Potions
 d - a potion of flight {unknown}
 h - a potion of ambrosia {unknown}
 j - 2 potions of lignification {unknown}
 k - a potion of curing {unknown}
 s - a potion of attraction {unknown}


   Skills:
 + Level 3.0 Fighting
 + Level 5.6 Ranged Weapons
 + Level 2.6 Dodging
 + Level 0.7 Stealth


You had 2 spell levels left.
You didn't know any spells.
Your spell library was empty.

Dungeon Overview and Level Annotations

Branches:
Dungeon (2/15)

Altars:


Innate Abilities, Weirdness & Mutations

You have a pair of horns on your head.
You reflexively headbutt those who attack you in melee.


Message History

Found a scale mail.
You now have 91 gold pieces (gained 4).
An endoplasm comes into view.
The endoplasm quivers.
You shoot an arrow.
The arrow hits the endoplasm but does no damage.
You hear a shout! x2
You shoot an arrow. The arrow hits the endoplasm.
The endoplasm is severely wounded.
You shoot an arrow. The arrow hits the endoplasm.
You kill the endoplasm!
You hear a shout!
A gnoll comes into view. It is wielding a +0 flail.
You shoot an arrow. The arrow hits the gnoll.
The gnoll is lightly wounded.
A gnoll comes into view. It is wielding a +0 halberd.
The gnoll closely misses you.
You shoot an arrow. The arrow hits the gnoll.
The gnoll is moderately wounded.
You hear a shout!
The gnoll hits you with a +0 flail.
A gnoll comes into view. It is wielding a +0 flail.
You shoot an arrow. The arrow hits the gnoll.
The gnoll is heavily wounded.
The gnoll hits you with a +0 flail.
You shoot an arrow. The arrow hits the gnoll.
The gnoll is severely wounded.
The gnoll completely misses you. The gnoll closely misses you. x2
You shoot an arrow. The arrow closely misses the gnoll.
The gnoll hits you with a +0 flail. The gnoll misses you.
The gnoll hits you with a +0 flail. The gnoll closely misses you.
You shoot an arrow. The arrow barely misses the gnoll.
The gnoll closely misses you. The gnoll misses you.
You shoot an arrow. The arrow closely misses the gnoll.
The gnoll hits you with a +0 flail!
* * * LOW HITPOINT WARNING * * *
The gnoll closely misses you. The gnoll hits you with a +0 flail.
* * * LOW HITPOINT WARNING * * *
The gnoll hits you with a +0 flail.
You die...

######..#.#######.###..
.......................
###........###<.......
#.....<..# ########.
#........# ........
#.#......# ########
#.#.###### ....... .
#.# ####### .g #@#
##.ggg.# ##.#....
#.#.###.. # #.# ## #..
#.. #..


You could see 3 gnolls.

Vanquished Creatures
  3 adders (D:2)
  2 dart slugs (D:2)
  2 ball pythons
  3 endoplasms
  3 giant cockroaches (D:1)
  3 goblins
  4 jackals (D:2)
  A quokka (D:2)
  4 bats
  2 kobolds
  4 rats
31 creatures vanquished.

Notes
Turn   | Place    | Note
-------+----------+-------------------------------------------
     0 | D:1      | Nerdsrcool the Minotaur Hunter began the quest for the Orb.
     0 | D:1      | Reached XP level 1. HP: 18/18 MP: 0/0
   119 | D:1      | Reached XP level 2. HP: 24/25 MP: 1/1
   548 | D:2      | Reached skill level 5 in Ranged Weapons
   558 | D:2      | Reached XP level 3. HP: 30/30 MP: 2/2
   583 | D:2      | Found a faded altar of an unknown god.
   834 | D:2      | HP: 1/31 [gnoll/+0 flail (5)]
   834 | D:2      | Slain by a gnoll

Illustrated notes

Levels and vault maps discovered:
D:1:      sevenhm_arrival_forest_fort_small_3, layout_rooms
D:2:      layout_basic, hellmonk_ecumenical_altar_arch_garden,
          minmay_hexomino_f4

Skill      XL: |  1  2  3 |
---------------+----------+-----
Ranged Weapons | 5 |  5.6
Fighting       | 3 |  3.0
Dodging        | |  2.6
Stealth        | |  0.7

Action                   || total
-------------------------++-------
 Fire: Shortbow          ||    89
Armor: Leather armour    ||     2
       Ring mail         ||     8
       Scale mail        ||    11
Dodge: Dodged            ||    39

Table legend: (Time is in decaauts)
 A = Elapsed time spent in this place.
 B = Non-inter-level travel time spent in this place.
 C = Inter-level travel time spent in this place.
 D = Time resting spent in this place.
 E = Time spent auto-exploring this place.
 F = Levels seen in this place.
 G = Mean time per level.
                   A        B        C        D        E       F      G
               +--------+--------+--------+--------+--------+-----+--------+
         Total |    868 |    868 |      0 |     77 |    448 |   2 |  434.0 |
       Dungeon |    868 |    868 |      0 |     77 |    448 |   2 |  434.0 |
               +--------+--------+--------+--------+--------+-----+--------+

Top non-repeatable levels by time:
     D:1: 544 daAuts
     D:2: 324 daAuts
